[ AOE2 MATCH · #494736723 ]
UnrankedVikings vs Mongols
Player's team · WIN
Rival team · LOSS
[ REPLAY ANALYSIS · EXTRACTED FROM THE RECORDED GAME ]
Feudal
9:16
Castle
—
Imperial
—
| APM avg | 66.2 |
| APM peak | 89 |
| eAPM avg | 17.8 |
| Villagers / military | 50 / 17 |
Focus
⚔️ 36.7% · 🌾 63.3%
Archer ×11 · Scout Cavalry ×5 · Skirmisher ×1
Feudal
13:42
Castle
—
Imperial
—
| APM avg | 66.8 |
| APM peak | 90 |
| eAPM avg | 19.9 |
| Villagers / military | 35 / 11 |
Focus
⚔️ 36.6% · 🌾 63.4%
Archer ×6 · Skirmisher ×5
Match map
Initial resources + every placement click. Lines = walls · curves = elevation contours. ◆ gold · ⬟ stone · ● berries · ✦ relic · ◌ wall gap
Your base· Open — unwalled flank
Guthrie_Govan's base· Open — unwalled flank
Smoothed initial terrain · ◌ = detected wall gap · hover for details
Inputs per minute
— Shinwari - - Guthrie_Govan
Build order — Shinwari
112 actions detected in the replay
| 0:00 | Create | Villager (Male) ×4 |
| 0:01 | Create | Villager (Male) ×4 |
| 0:02 | Build | House |
| 0:02 | Build | House |
| 1:25 | Create | Villager (Male) |
| 1:25 | Create | Villager (Male) |
| 1:52 | Build | Lumber Camp |
| 2:05 | Create | Villager (Male) |
| 2:21 | Create | Villager (Male) |
| 2:21 | Create | Villager (Male) |
| 2:47 | Create | Villager (Male) |
| 2:47 | Create | Villager (Male) |
| 3:12 | Create | Villager (Male) |
| 3:28 | Create | Villager (Male) |
| 3:28 | Create | Villager (Male) |
| 3:50 | Build | House |
| 3:50 | Build | House |
| 3:54 | Create | Villager (Male) |
| 3:54 | Create | Villager (Male) |
| 4:07 | Create | Villager (Male) |
| 4:07 | Create | Villager (Male) |
| 4:52 | Create | Villager (Male) |
| 4:52 | Create | Villager (Male) |
| 4:57 | Build | Mill |
| 5:23 | Create | Villager (Male) |
| 5:23 | Create | Villager (Male) ×4 |
| 6:18 | Research | Loom |
| 7:00 | Research | Feudal Age |
| 7:50 | Build | Palisade Wall |
| 8:14 | Build | Barracks |
| 8:20 | Build | Palisade Wall |
| 8:22 | Build | Palisade Wall |
| 8:23 | Build | Palisade Wall |
| 8:40 | Create | Villager (Male) |
| 9:16 | Age | Feudal Age |
| 9:21 | Build | Archery Range |
| 9:27 | Create | Villager (Male) |
| 9:30 | Build | House |
| 9:31 | Build | House |
| 10:35 | Build | Town Center |
| 10:37 | Create | Archer |
| 10:44 | Create | Skirmisher |
| 10:57 | Build | Palisade Wall |
| 10:58 | Build | Palisade Wall |
| 11:04 | Build | Palisade Wall |
| 11:06 | Build | Palisade Wall |
| 11:07 | Build | Palisade Wall |
| 11:23 | Build | Mining Camp |
| 12:11 | Create | Villager (Male) |
| 12:12 | Create | Villager (Male) |
| 12:15 | Build | Farm |
| 12:16 | Build | Farm |
| 12:18 | Build | Farm |
| 12:45 | Create | Villager (Male) |
| 12:47 | Build | Farm |
| 12:48 | Build | Farm |
| 12:57 | Create | Villager (Male) |
| 13:16 | Create | Villager (Male) |
| 13:28 | Create | Archer |
| 13:28 | Create | Archer |
| 14:15 | Create | Villager (Male) |
| 14:24 | Create | Archer |
| 14:24 | Create | Archer |
| 14:34 | Build | Blacksmith |
| 14:35 | Create | Villager (Male) |
| 15:00 | Build | Outpost |
| 15:04 | Create | Archer |
| 15:08 | Create | Villager (Male) |
| 15:11 | Build | Farm |
| 15:12 | Build | Farm |
| 15:12 | Create | Villager (Male) |
| 15:24 | Research | Fletching |
| 15:24 | Research | Fletching |
| 15:27 | Build | House |
| 15:28 | Build | House |
| 15:29 | Build | House |
| 15:37 | Build | Stable |
| 15:40 | Build | Farm |
| 15:41 | Build | Farm |
| 15:42 | Create | Villager (Male) |
| 16:02 | Create | Villager (Male) |
| 16:14 | Create | Villager (Male) |
| 16:17 | Create | Archer |
| 16:33 | Build | Farm |
| 16:35 | Build | Farm |
| 16:36 | Build | Farm |
| 16:56 | Create | Villager (Male) |
| 16:57 | Create | Archer |
| 17:10 | Create | Scout Cavalry |
| 17:10 | Create | Scout Cavalry |
| 17:14 | Build | Farm |
| 17:17 | Build | Palisade Wall |
| 17:18 | Build | Palisade Wall |
| 17:22 | Create | Archer |
| 17:29 | Build | Farm |
| 17:50 | Build | Mining Camp |
| 17:52 | Create | Villager (Male) |
| 17:52 | Create | Villager (Male) |
| 18:06 | Create | Villager (Male) |
| 18:10 | Create | Scout Cavalry |
| 18:48 | Build | Lumber Camp |
| 18:48 | Create | Villager (Male) |
| 19:04 | Create | Villager (Male) |
| 19:06 | Create | Archer |
| 19:06 | Create | Archer |
| 19:09 | Create | Scout Cavalry |
| 19:09 | Create | Scout Cavalry |
| 19:54 | Create | Villager (Male) |
| 19:55 | Build | Market |
| 20:12 | Build | House |
| 20:13 | Build | House |
| 20:14 | Build | House |
Build order — Guthrie_Govan
89 actions detected in the replay
| 0:00 | Create | Villager (Male) |
| 0:00 | Create | Villager (Male) |
| 0:01 | Create | Villager (Male) |
| 0:02 | Build | House |
| 0:03 | Build | House |
| 0:13 | Create | Villager (Male) |
| 1:24 | Create | Villager (Male) |
| 2:01 | Create | Villager (Male) |
| 2:16 | Create | Villager (Male) |
| 2:16 | Create | Villager (Male) |
| 2:24 | Build | Lumber Camp |
| 2:43 | Create | Villager (Male) |
| 2:48 | Create | Villager (Male) |
| 2:48 | Create | Villager (Male) |
| 3:12 | Create | Villager (Male) |
| 3:12 | Create | Villager (Male) |
| 3:21 | Build | House |
| 3:56 | Build | House |
| 4:12 | Create | Villager (Male) |
| 4:13 | Create | Villager (Male) |
| 4:18 | Create | Villager (Male) |
| 5:27 | Create | Villager (Male) |
| 5:53 | Research | Loom |
| 6:45 | Create | Villager (Male) |
| 6:45 | Create | Villager (Male) |
| 6:48 | Build | Mill |
| 7:14 | Build | Town Center |
| 7:23 | Build | Palisade Wall |
| 7:26 | Build | Palisade Wall |
| 8:09 | Create | Villager (Male) |
| 8:09 | Create | Villager (Male) |
| 8:12 | Create | Villager (Male) |
| 9:05 | Build | Mill |
| 9:14 | Build | Mill |
| 9:27 | Create | Villager (Male) |
| 9:48 | Create | Villager (Male) |
| 9:54 | Build | House |
| 10:23 | Create | Villager (Male) |
| 10:56 | Create | Villager (Male) |
| 11:07 | Build | Mining Camp |
| 11:32 | Research | Feudal Age |
| 11:33 | Research | Feudal Age |
| 11:57 | Build | Palisade Wall |
| 11:59 | Build | Palisade Wall |
| 12:00 | Build | Palisade Wall |
| 12:14 | Build | Barracks |
| 12:25 | Build | House |
| 13:31 | Build | Lumber Camp |
| 13:42 | Age | Feudal Age |
| 13:48 | Build | Archery Range |
| 13:59 | Build | Watch Tower |
| 14:26 | Create | Archer |
| 14:30 | Build | Blacksmith |
| 14:49 | Create | Villager (Male) |
| 14:52 | Build | House |
| 15:31 | Create | Skirmisher |
| 15:49 | Build | Mining Camp |
| 15:51 | Create | Skirmisher |
| 15:52 | Create | Villager (Male) |
| 16:14 | Create | Skirmisher |
| 16:15 | Create | Villager (Male) |
| 16:30 | Build | Watch Tower |
| 16:49 | Research | Fletching |
| 16:59 | Create | Villager (Male) |
| 17:03 | Build | Farm |
| 17:05 | Build | Farm |
| 17:22 | Create | Skirmisher |
| 17:23 | Create | Villager (Male) |
| 17:28 | Build | Watch Tower |
| 17:38 | Create | Skirmisher |
| 17:38 | Create | Villager (Male) |
| 17:46 | Build | Farm |
| 18:03 | Create | Archer |
| 18:11 | Build | Watch Tower |
| 18:20 | Create | Archer |
| 19:10 | Build | House |
| 19:16 | Create | Villager (Male) |
| 19:21 | Create | Archer |
| 19:25 | Build | Farm |
| 19:25 | Create | Villager (Male) |
| 19:27 | Build | Farm |
| 19:39 | Create | Archer |
| 19:51 | Build | Market |
| 19:59 | Build | Outpost |
| 20:02 | Create | Archer |
| 20:11 | Build | Farm |
| 20:15 | Build | Farm |
| 20:15 | Create | Villager (Male) |
| 20:28 | Build | Watch Tower |
Match timeline
| 7:23 | Guthrie_Govan · wall_segment Palisade Wall x1 |
| 7:26 | Guthrie_Govan · wall_segment Palisade Wall x1 |
| 7:50 | Shinwari · wall_segment Palisade Wall x7 |
| 8:14 | Shinwari · first_building Barracks |
| 8:20 | Shinwari · wall_segment Palisade Wall x1 |
| 8:22 | Shinwari · wall_segment Palisade Wall x1 |
| 8:23 | Shinwari · wall_segment Palisade Wall x1 |
| 9:16 | Shinwari · age_up feudal |
| 9:21 | Shinwari · first_building Archery Range |
| 10:57 | Shinwari · wall_segment Palisade Wall x1 |
| 10:58 | Shinwari · wall_segment Palisade Wall x1 |
| 11:04 | Shinwari · wall_segment Palisade Wall x1 |
| 11:06 | Shinwari · wall_segment Palisade Wall x1 |
| 11:07 | Shinwari · wall_segment Palisade Wall x1 |
| 11:57 | Guthrie_Govan · wall_segment Palisade Wall x1 |
| 11:59 | Guthrie_Govan · wall_segment Palisade Wall x1 |
| 12:00 | Guthrie_Govan · wall_segment Palisade Wall x1 |
| 12:14 | Guthrie_Govan · first_building Barracks |
| 13:42 | Guthrie_Govan · age_up feudal |
| 13:48 | Guthrie_Govan · first_building Archery Range |
| 15:37 | Shinwari · first_building Stable |
| 17:17 | Shinwari · wall_segment Palisade Wall x1 |
| 17:18 | Shinwari · wall_segment Palisade Wall x1 |
| 20:54 | Guthrie_Govan · resign |
[ AI ANALYSIS · 1 CREDIT ]
What really happened in this match?
Wolo.gg analyzes every decision: build order, eco, micro, common mistakes by bracket. Personalized analysis on WhatsApp or Discord in 30 seconds.
Civ guide
Vikings
Perfil
Shinwari